 Dungeon Crawl Stone Soup version 0.30-a0-377-g5cb311bc9f (webtiles) character file.

Game seed: 3280238267865321945

13648 sanka the Spry (level 11, 54/54 HPs)
             Began as a Felid Earth Elementalist on Nov 29, 2022.
             Was an Initiate of Gozag.
             Quit the game on level 2 of the Lair of Beasts.
             The game lasted 00:42:13 (20724 turns).

sanka the Spry (Felid Earth Elementalist)          Turns: 20724, Time: 00:42:14

Health: 54/54      AC:  3    Str:  4    XL:     11   Next: 78%
Magic:  20/24      EV: 28    Int: 21    God:    Gozag
Gold:   694        SH:  0    Dex: 17    Spells: 6/26 levels left
                                        Lives:  1   Deaths: 2

rFire   . . .      SeeInvis +    (weapon unavailable)
rCold   + + .      Faith    .    (shield unavailable)
rNeg    . . .      Spirit   .    (body armour unavailable)
rPois   +          Reflect  .    (helmet unavailable)
rElec   .          Harm     .    (cloak unavailable)
rCorr   .          Rampage  .    (gloves unavailable)
Will    +....      Clarity  +    (boots unavailable)
Stlth   ++........               w - amulet of regeneration
HPRegen 1.09/turn                (no ring)
MPRegen 0.19/turn                (no ring)

@: gold aura, quick
A: very small, claws 1, fangs 3, see invisible, speed 1, shaggy fur 3, stealthy
paws, no weapons or thrown items, no armour, multi-lived, clarity, cold
resistance 1, poison resistance
a: Renounce Religion, Potion Petition, Call Merchant, Bribe Branch


You were on level 2 of the Lair of Beasts.
You worshipped Gozag.
Gozag was pleased with you.
You visited 3 branches of the dungeon, and saw 14 of its levels.
You also visited: Ossuary and Bailey.

You collected 1518 gold pieces.
You paid 824 gold pieces to Gozag.


Innate Abilities, Weirdness & Mutations

You have sharp claws.
You have razor-sharp teeth.
You have supernaturally acute eyesight. (SInv)
You cover ground quickly. (Speed+)
Your thick and shaggy fur keeps you warm. (AC +3, rC+)
Your paws help you pounce on unaware monsters.
You are incapable of wielding weapons or throwing items.
You cannot wear armour.
You gain extra lives every three experience levels.
You possess an exceptional clarity of mind.
Your flesh is cold resistant. (rC+)
Your system is resistant to poisons. (rPois)


   Skills:
 - Level 10.0 Fighting
 - Level 15.0 Dodging
 - Level 2.6 Stealth
 - Level 8.0 Spellcasting
 - Level 4.0 Conjurations
 + Level 7.2 Transmutations
 + Level 10.5 Earth Magic


You had 6 spell levels left.
You knew the following spells:

 Your Spells              Type           Power      Damage    Failure   Level
c - Petrify               Tmut/Erth      45%        N/A       1%          4
x - Stone Arrow           Conj/Erth      76%        3d11      1%          3
z - Sandblast             Erth           100%       2d20      1%          1
C - Lee's Rapid Deconstr  Erth           25%        3d14*     3%          5
N - Passwall              Tmut/Erth      37%        N/A       1%          2
X - Irradiate             Conj/Tmut      16%        3d17      22%         5

Your spell library contained the following spells:

 Spells                   Type           Power      Damage    Failure   Level
 Leda's Liquefaction      Hex/Erth       15%        N/A       9%          4
 Blade Hands              Tmut           19%        N/A       11%         5
 Call Imp                 Summ           8%         N/A       12%         2
 Cigotuvi's Dreadful Rot  Necr/Pois/Air  16%        N/A       12%         2
 Ensorcelled Hibernation  Hex/Ice        16%        N/A       12%         2
 Poisonous Vapours        Pois/Air       16%        N/A       12%         2
 Scorch                   Fire           16%        2d6       12%         2
 Mephitic Cloud           Conj/Pois/Air  13%        N/A       14%         3
 Ice Form                 Ice/Tmut       23%        N/A       19%         4
 Frozen Ramparts          Ice            16%        1d3       24%         3
 Swiftness                Air            8%         N/A       24%         3
 Flame Wave               Conj/Fire      16%        2d7       34%         4
 Anguish                  Hex/Necr       4%         N/A       61%         4
 Summon Ice Beast         Ice/Summ       8%         N/A       61%         4
 Summon Cactus Giant      Summ           4%         N/A       100%        6
 Dragon Form              Tmut           19%        N/A       98%         7
 Enfeeble                 Hex            4%         N/A       100%        7
 Malign Gateway           Summ/Tloc      4%         N/A       100%        7
 Lehudib's Crystal Spear  Conj/Erth      19%        10d6      100%        8
 Dragon's Call            Summ           4%         N/A       100%        9

Inventory:

Jewellery
 w - an amulet of regeneration (around neck)
 E - a ring of ice
Wands
 p - a wand of polymorph (18)
 r - a wand of digging (3)
 C - a wand of charming (6)
 G - a wand of mindburst (4)
 H - a wand of flame (12)
Scrolls
 c - 4 scrolls of fog
 f - a scroll of silence {unknown}
 g - 2 scrolls of immolation {!r}
 h - 4 scrolls of fear
 i - 2 scrolls of torment {!r}
 l - 2 scrolls of blinking
 n - 6 scrolls of vulnerability {!r}
 u - 6 scrolls of teleportation {@r4}
 v - 3 scrolls of amnesia
 y - 2 scrolls of magic mapping
 D - 5 scrolls of identify {@r1}
Potions
 a - a potion of magic
 b - 3 potions of lignification {!q}
 e - a potion of ambrosia {unknown}
 j - 5 potions of mutation {!q}
 k - 3 potions of haste {@q3}
 m - a potion of cancellation
 o - 6 potions of heal wounds {@q2}
 q - 5 potions of curing {@q1}
 s - 2 potions of brilliance
 t - 2 potions of flight
 x - a potion of berserk rage {!q}
 z - a potion of invisibility {unknown}
 B - a potion of attraction {!q}
 F - a potion of might {unknown}
Miscellaneous
 d - a box of beasts (inert)

Dungeon Overview and Level Annotations

Branches:
Dungeon (11/15)            Temple (1/1) D:4            Lair (2/5) D:10
    Orc (0/2) D:9         Ossuary (visited)          Bailey (visited)
  Swamp: Lair:2-3    Shoals: Lair:2-3     Snake: Lair:2-3    Spider: Lair:2-3

Altars:
Ashenzari
Cheibriados
Dithmenos
Elyvilon
Fedhas
Gozag
Hepliaklqana
Kikubaaqudgha
Makhleb
Nemelex Xobeh
Okawaru
Qazlal
Ru
Sif Muna
Trog
Uskayaw
Vehumet
Wu Jian
Xom
Yredelemnul
Zin
The Shining One

Shops:
Lair:1 =

Annotations:
D:6 exclusion: door

▒..........▒
▒▒..........▒
............▒
.............▒▒
.▒▒........!..▒
▒.(........▒▒
▒.......£...▒
▒▒▒+f.▒.▒▒▒.▒
▒..▒h▒▒ ▒▒
▒...F.f▒
▒.......▒
▒........▒
▒........▒
▒........▒
▒........▒
P...^....▒


You could see a cane toad.


Message History

Found a potion of curing.
Found 6 stones.
A bullfrog comes into view.
A bullfrog is nearby!
The bullfrog croaks.
You see here a potion of curing {@q1}.
The blast of sand hits the bullfrog!
The bullfrog is severely wounded.
The bullfrog barely misses you.
The blast of sand hits the bullfrog!!
You kill the bullfrog!
A cane toad comes into view.
You can't see any susceptible monsters within range! (Use Z to cast anyway.)
You can't see any susceptible monsters within range! (Use Z to cast anyway.)
You can't see any susceptible monsters within range! (Use Z to cast anyway.)
The cane toad croaks.
The blast of sand misses the cane toad.
The cane toad closely misses you.
The blast of sand hits the cane toad but does no damage.
The cane toad misses you. The cane toad barely misses you.
The blast of sand hits the cane toad!
The cane toad is heavily wounded.
The cane toad misses you. The cane toad barely misses you.
The blast of sand hits the cane toad but does no damage.
The cane toad is heavily wounded.
The cane toad misses you. The cane toad completely misses you.
Are you sure you want to abandon this character and quit the game? (Confirm with "yes".)

Action                   |  1- 3 |  4- 6 |  7- 9 | 10-12 || total
-------------------------+-------+-------+-------+-------++-------
Melee: Unarmed           |     1 |    13 |    52 |    14 ||    80
       Bite              |       |       |    10 |       ||    10
       Punch             |       |       |     1 |       ||     1
 Cast: Sandblast         |    55 |   134 |   185 |   391 ||   765
       Stone Arrow       |     2 |       |    45 |   211 ||   258
       Petrify           |       |       |       |     1 ||     1
Invok: Call Merchant     |       |       |       |     1 ||     1
Evoke: Wand              |       |     1 |       |    17 ||    18
       Box of beasts     |       |       |       |     1 ||     1
  Use: Potion            |       |     3 |     7 |     3 ||    13
       Scroll            |       |       |       |    16 ||    16
Armor: Skin              |     4 |     5 |    20 |    10 ||    39
Dodge: Dodged            |    14 |    67 |   154 |   422 ||   657

Levels and vault maps discovered:
D:1:      dpeg_arrival_three_same_balls, layout_basic, item_on_display_b
D:2:      layout_basic, minmay_misc_feat_chi, kennysheep_generic_room_10
D:3:      layout_basic, uniq_jessica
D:4:      layout_layer_cave, nicolae_hepliaklqana_hazy_memory,
          mainiacjoe_overflow_six_doors_small, trog_wizard,
          minmay_temple_entry_mist
D:5:      layout_loops_ring, grunt_qazlal_sundering,
          mainiacjoe_overflow_concentric_impassable, uniq_menkaure
D:6:      kennysheep_windowed_halls, layout_cave_pools,
          gup_ossuary_entry_pyramid, minmay_three_doors, uniq_crazy_yiuf_cottage
D:7:      layout_basic, lemuel_tele_altar, okawaru_gym_becter
D:8:      layout_loops_corners, nemelex_spade_bored_becter,
          mainiacjoe_overflow_alcove_2, mainiacjoe_overflow_boulevard,
          enter_bailey_2, uniq_grum, uniq_psyche
D:9:      layout_roguey [special_room_orc], erik_orc_3, uniq_prince_ribbit1,
          uniq_joseph
D:10:     layout_irregular_city, nicolae_gozag_zags_fifth_avenue,
          mainiacjoe_overflow_alcove_4, due_lair_maze_entry_diamond
D:11:     layout_roguey, small_statue_alley_a, trog_antimagical
Temple:   nicolae_temple_ecumenical_triangle
Lair:1:   layout_small_grid, beast_lair_carwin_10, serial_bayou_shore_a,
          grunt_megastairs_5
Lair:2:   layout_roguey, minmay_snake_entry_guardpost_medium

Notes
Turn   | Place    | Note
-------+----------+-------------------------------------------
     0 | D:1      | sanka the Felid Earth Elementalist began the quest for the
                  | Orb.
     0 | D:1      | Reached XP level 1. HP: 7/7 MP: 4/4
   318 | D:1      | Reached skill level 3 in Earth Magic
   441 | D:1      | Reached XP level 2. HP: 11/11 MP: 4/6
   472 | D:1      | Learned a level 2 spell: Passwall
   763 | D:1      | Reached skill level 2 in Transmutations
  1034 | D:1      | Reached XP level 3. HP: 14/14 MP: 4/7
  1064 | D:1      | Learned a level 3 spell: Stone Arrow
  1952 | D:2      | Reached XP level 4. HP: 18/18 MP: 5/8
  2082 | D:2      | Reached skill level 3 in Transmutations
  2168 | D:2      | Reached skill level 1 in Conjurations
  3496 | D:3      | Reached XP level 5. HP: 21/21 MP: 7/9
  3698 | D:3      | Noticed Jessica
  3701 | D:3      | Killed Jessica
  3702 | D:3      | Reached skill level 4 in Earth Magic
  4298 | D:4      | Reached skill level 2 in Conjurations
  4322 | D:4      | Found a white marble altar of Elyvilon.
  4467 | D:4      | Identified a scarf of resistance
  4638 | D:4      | Found a hazy altar of Hepliaklqana.
  4644 | D:4      | Reached skill level 4 in Transmutations
  4647 | D:4      | Gained mutation: You are covered in thick fur. (AC +2)
                  | [Felid growth]
  4647 | D:4      | Reached XP level 6. HP: 22/24 MP: 3/10
  4798 | D:4      | Found a staircase to the Ecumenical Temple.
  4842 | Temple   | Entered the Ecumenical Temple
  4922 | D:4      | Found a bloodstained altar of Trog.
  4934 | D:4      | Noticed a wizard
  4937 | D:4      | Killed a wizard
  5095 | D:4      | Gained mutation: Your system is resistant to poisons.
                  | (rPois) [potion of mutation]
  5095 | D:4      | Gained mutation: You possess an exceptional clarity of
                  | mind. [potion of mutation]
  5095 | D:4      | Gained mutation: Your flesh is cold resistant. (rC+)
                  | [potion of mutation]
  5455 | D:5      | Entered Level 5 of the Dungeon
  5481 | D:5      | Found a sacrificial altar of Ru.
  5621 | D:5      | Found a stormy altar of Qazlal.
  5631 | D:5      | Reached skill level 3 in Conjurations
  5631 | D:5      | Reached skill level 5 in Earth Magic
  5708 | D:5      | Noticed an ice beast
  5769 | D:5      | Killed an ice beast
  5770 | D:5      | Reached XP level 7. HP: 19/27 MP: 6/11
  5962 | D:5      | Reached skill level 6 in Earth Magic
  6042 | D:5      | Reached skill level 4 in Conjurations
  6156 | D:5      | Reached skill level 7 in Earth Magic
  6293 | D:5      | Noticed Menkaure
  6298 | D:5      | Killed Menkaure
  6299 | D:5      | Reached XP level 8. HP: 20/31 MP: 7/12
  6822 | D:6      | Reached skill level 8 in Earth Magic
  6890 | D:6      | Found a sand-covered staircase.
  6918 | D:6      | Learned a level 4 spell: Petrify
  6922 | Ossuary  | Entered an ossuary
  6935 | Ossuary  | HP: 3/31 [hornet zombie (11)]
  6936 | Ossuary  | Mangled by a hornet zombie
  6937 | Ossuary  | Reached XP level 7. HP: -7/27 MP: 4/11
  7008 | Ossuary  | Reached skill level 5 in Transmutations
  7044 | Ossuary  | Reached XP level 8. HP: 21/31 MP: 0/12
  7253 | Ossuary  | Reached skill level 6 in Transmutations
  7253 | Ossuary  | Reached skill level 9 in Earth Magic
  7452 | Ossuary  | Reached skill level 3 in Spellcasting
  7790 | Ossuary  | Identified a potion of resistance
  7939 | D:6      | Found a runed translucent door.
  7940 | D:6      | Noticed Crazy Yiuf
  8002 | D:6      | Reached XP level 9. HP: 19/34 MP: 11/15
  8142 | D:6      | Reached skill level 4 in Spellcasting
  8356 | D:6      | Noticed a boulder beetle
  8361 | D:6      | Noticed a white ugly thing
  8583 | D:6      | Killed a white ugly thing
  8584 | D:6      | Reached skill level 10 in Earth Magic
  8584 | D:6      | Reached skill level 2 in Fighting
  8584 | D:6      | Reached skill level 4 in Dodging
  8923 | D:6      | Reached skill level 3 in Fighting
  8923 | D:6      | Reached skill level 5 in Dodging
  8970 | D:6      | Noticed a troll
  9007 | D:6      | Killed a troll
  9140 | D:6      | Reached skill level 6 in Dodging
  9184 | D:6      | Reached skill level 4 in Fighting
  9200 | D:6      | Noticed a cyclops
  9451 | D:6      | Killed a cyclops
  9452 | D:6      | Reached skill level 7 in Dodging
  9452 | D:6      | Reached XP level 10. HP: 43/43 MP: 1/17
  9584 | D:6      | Learned a level 5 spell: Irradiate
  9655 | D:6      | Killed Crazy Yiuf
  9752 | D:5      | Became a worshipper of Ru the Awakened
  9795 | D:7      | Found an iron altar of Okawaru.
  9803 | D:6      | Reached skill level 5 in Fighting
  9838 | D:6      | Identified +0 steam dragon scales
 10068 | D:7      | Reached skill level 8 in Dodging
 10401 | D:7      | Found a shimmering blue altar of Sif Muna.
 10590 | D:8      | Found a glowing silver altar of Zin.
 10603 | D:8      | Found a flagged portal.
 10615 | D:8      | Reached skill level 6 in Fighting
 10679 | D:8      | Identified a scroll of acquirement
 10684 | D:8      | Acquired Dispater's Discursus on the Caves and Production
 10687 | Bailey   | Entered a bailey
 11064 | Bailey   | Reached skill level 9 in Dodging
 11563 | Bailey   | Reached skill level 7 in Fighting
 11802 | Bailey   | Reached skill level 10 in Dodging
 12687 | D:8      | Found a sparkling altar of Nemelex Xobeh.
 12757 | D:8      | Reached XP level 11. HP: 47/51 MP: 1/18
 12884 | D:8      | Reached skill level 8 in Fighting
 12936 | D:8      | Found an ancient bone altar of Kikubaaqudgha.
 13195 | D:8      | Reached skill level 11 in Dodging
 13203 | D:8      | HP: 4/51 [wolf[Grum] (8)]
 13251 | D:8      | Noticed Grum
 13256 | D:8      | Killed Grum
 13736 | D:8      | Noticed Psyche
 13744 | D:8      | Killed Psyche
 14363 | D:9      | Noticed a two-headed ogre
 14445 | D:9      | Killed a two-headed ogre
 14552 | D:9      | Found a staircase to the Orcish Mines.
 14707 | D:9      | Noticed a two-headed ogre
 14724 | D:9      | Killed a two-headed ogre
 14725 | D:9      | Reached skill level 9 in Fighting
 14725 | D:9      | Reached skill level 12 in Dodging
 15040 | D:9      | Noticed Joseph
 15042 | D:9      | Joseph changed into Joseph the hound
 15042 | D:9      | Noticed Joseph
 15045 | D:9      | Killed Joseph the hound
 15112 | D:9      | Identified the +1 scale mail of the Evil One {Will+}
 15261 | D:9      | Noticed a two-headed ogre
 15276 | D:9      | Killed a two-headed ogre
 15402 | D:9      | Noticed Prince Ribbit
 15406 | D:9      | Killed Prince Ribbit
 15908 | D:10     | Entered Level 10 of the Dungeon
 16040 | D:10     | Reached skill level 13 in Dodging
 16108 | D:10     | Found a staircase to the Lair.
 16266 | D:10     | Found a blossoming altar of Fedhas.
 16294 | D:10     | Found an opulent altar of Gozag.
 16298 | D:10     | Found Gozag's Platinum Reserve.
 16357 | D:10     | Reached skill level 10 in Fighting
 16916 | D:10     | Fell from the grace of Ru
 16916 | D:10     | Became a worshipper of Gozag Ym Sagoz the Greedy
 16945 | D:11     | Noticed a boulder beetle
 17071 | D:10     | Killed a boulder beetle
 17216 | D:11     | Reached skill level 14 in Dodging
 17412 | D:11     | Found a bloodstained altar of Trog.
 17921 | D:11     | Noticed a two-headed ogre
 17941 | D:11     | Killed a two-headed ogre
 17942 | D:11     | Gained mutation: Your thick and shaggy fur keeps you warm.
                  | (AC +3, rC+) [Felid growth]
 17942 | D:11     | Reached XP level 12. HP: 43/58 MP: 5/19
 18342 | D:10     | Reached skill level 15 in Dodging
 18372 | Lair:1   | Entered Level 1 of the Lair of Beasts
 18412 | Lair:1   | Reached skill level 5 in Spellcasting
 18727 | Lair:1   | Reached skill level 6 in Spellcasting
 19068 | Lair:1   | Reached skill level 7 in Spellcasting
 19756 | Lair:1   | Reached skill level 8 in Spellcasting
 19762 | Lair:1   | Learned a level 5 spell: Lee's Rapid Deconstruction
 20215 | Lair:1   | Reached skill level 7 in Transmutations
 20624 | Lair:2   | Slain by a komodo dragon
 20625 | Lair:2   | Reached XP level 11. HP: 0/54 MP: 18/24
 20724 | Lair:2   | Quit the game

Vanquished Creatures
  A boulder beetle (D:10)
  4 two-headed ogres
  An ugly thing (D:6)
  2 cyclopes
  4 elephants (Lair:1)
  A torpor snail (Lair:1)
  Psyche (D:8)
  4 cane toads
  A kobold demonologist (D:10)
  A rime drake (Lair:1)
  2 komodo dragons (Lair:1)
  2 trolls
  9 blink frogs
  Prince Ribbit (D:9)
  A shadow (D:11)
  3 wyverns
  19 yaks
  Grum (D:8)
  A steam dragon (D:6)
  A warg (D:9)
  Menkaure (D:5)
  7 water moccasins
  3 sky beasts
  2 hornet zombies (Ossuary)
  4 ice beasts
  20 orc warriors
  2 black bears (D:10)
  14 centaurs
  5 ogres
  8 wolves
  2 phantoms (D:5)
  A kobold brigand (D:8)
  5 bullfrogs
  A gnoll sergeant (D:10)
  6 scorpions
  3 wyvern zombies (Ossuary)
  5 water moccasin zombies (Ossuary)
  9 wights
  8 killer bees
  An electric eel (Lair:1)
  4 bullfrog zombies (Ossuary)
  6 centaur zombies (Ossuary)
  4 jellies
  Crazy Yiuf (D:6)
  7 orc priests
  8 hounds
  4 iguanas
  Jessica (D:3)
  10 orc wizards
  2 howler monkey zombies (Ossuary)
  15 mummies
  9 gnolls
  7 adders
  A river rat (D:4)
  A shadow imp (D:6)
  2 white imps
  2 ufetubi (D:6)
  3 worms (D:4)
  3 dart slugs
  101 orcs
  6 bats
  2 endoplasms
  3 giant cockroaches (D:2)
  9 goblins
  10 hobgoblins
  5 quokkas
  3 ball pythons
  2 frilled lizards
  14 kobolds
  5 rats
417 creatures vanquished.

Vanquished Creatures (collateral kills)
  An elephant (Lair:1)
1 creature vanquished.

Vanquished Creatures (others)
  A wizard (D:4)
  26 fungi
  60 plants
  4 withered plants (Ossuary)
91 creatures vanquished.

Grand Total: 509 creatures vanquished
